 Dungeon Crawl Stone Soup version 0.23.2-1-ga50397a (webtiles) character file.

Game seed: 5339762063882871772

1782 night the Spear-Bearer (level 8, -3/68 HPs)
             Began as a Deep Dwarf Fighter on Apr 26, 2019.
             Was an Initiate of Makhleb.
             Killed from afar by an electric eel (5 damage)
             ... with a bolt of electricity
             ... on level 6 of the Dungeon.
             The game lasted 00:16:56 (5214 turns).

night the Spear-Bearer (Deep Dwarf Fighter)         Turns: 5214, Time: 00:16:57

Health: -3/68      AC: 11    Str: 21    XL:     8   Next: 81%
Magic:  9/9        EV:  6    Int: 10    God:    Makhleb [......]
Gold:   190        SH: 16    Dex: 12    Spells: 7/7 levels left

rFire    + . .     SeeInvis .   a - +0 trident
rCold    . . .     Gourm    .   A - +0 large shield
rNeg     . . .     Faith    .   H - +2 scale mail {rF+}
rPois    .         Spirit   .   (no helmet)
rElec    .         Reflect  .   p - +0 cloak
rCorr    .         Harm     .   n - +0 pair of gloves
MR       +....                  (no boots)
Stlth    ..........             y - amulet of magic regeneration
HPRegen  0.00/turn              (no ring)
MPRegen  0.36/turn              (no ring)

@: non-regenerating
A: damage resistance, heal wounds, sense surroundings 1, no regeneration
a: Heal Wounds, Renounce Religion


You were on level 6 of the Dungeon.
You worshipped Makhleb.
Makhleb was noncommittal.
You were not hungry.

You visited 2 branches of the dungeon, and saw 7 of its levels.

You collected 190 gold pieces.

Inventory:

Hand Weapons
 a - a +0 trident (weapon)
 b - a +1 dagger of venom
Missiles
 t - 76 stones (quivered)
 v - 31 sling bullets
 F - 3 javelins
Armour
 c - a +0 shield
 n - a +0 pair of gloves (worn)
 p - a +0 cloak (worn)
 A - a +0 large shield (worn)
 B - a +0 scale mail
 H - a +2 scale mail of fire resistance (worn)
Jewellery
 y - an amulet of magic regeneration (around neck)
 J - an uncursed ring of ice
Wands
 G - a wand of clouds (3)
Scrolls
 e - 3 scrolls of teleportation
 h - 7 scrolls of identify
 l - a scroll of remove curse
 m - a scroll of random uselessness {unknown}
 o - 2 scrolls of enchant weapon {unknown}
 s - a scroll of fog {unknown}
 x - 2 scrolls of fear {unknown}
 C - a scroll of blinking {unknown}
 I - 3 scrolls of enchant armour {unknown}
 L - a scroll of amnesia {unknown}
Potions
 d - 2 potions of might
 g - 2 potions of magic
 i - a potion of degeneration {unknown}
 k - a potion of agility {unknown}
 q - a potion of haste
 r - a potion of cancellation {unknown}
 u - a potion of heal wounds {unknown}
 D - 2 potions of berserk rage
 E - 3 potions of curing
 K - a potion of resistance {unknown}
 M - a potion of flight {unknown}
 N - a potion of ambrosia {unknown}
Comestibles
 f - 9 rations


   Skills:
 - Level 2.6 Fighting
 * Level 8.8 Polearms
 - Level 3.2 Armour
 - Level 6.9 Shields
 + Level 4.2 Invocations


You had 7 spell levels left.
You didn't know any spells.
Your spell library contained the following spells:

 Spells                   Type           Power        Failure   Level  Hunger
 Magic Dart               Conj           #...         100%        1    ##.....
 Blink                    Tloc           N/A          100%        2    ###....
 Call Imp                 Summ           #.......     100%        2    ###....
 Slow                     Hex            #.......     100%        2    ###....
 Conjure Flame            Conj/Fire      #.......     100%        3    ####...
 Mephitic Cloud           Conj/Pois/Air  #.......     100%        3    ####...


Dungeon Overview and Level Annotations

Branches:
Dungeon (6/15)             Temple (1/1) D:6

Altars:
Ashenzari
Cheibriados
Dithmenos
Elyvilon
Fedhas
Gozag
Hepliaklqana
Makhleb
Nemelex Xobeh
Okawaru
Qazlal
Ru
Sif Muna
Trog
Uskayaw
Vehumet
Wu Jian
Xom
Yredelemnul
Zin
The Shining One

Shops:
D:5 *   D:6 [


Innate Abilities, Weirdness & Mutations

You are resistant to damage.
You can heal yourself by infusing magical energy.
You passively map a small area around you.
You do not regenerate.


Message History

Attack whom?
Press: ? - help, Dir - move target cursor, f/p - electric eel
Aim: an electric eel (water)
You reach to attack!
You hit the electric eel.
The electric eel is lightly wounded.
The electric eel shoots out a bolt of lightning at you!
The bolt of electricity hits you!
* * * LOW HITPOINT WARNING * * *
You hit the electric eel.
The electric eel is moderately wounded.
Your scale mail prevents you from hitting the electric eel.
The electric eel is moderately wounded.
The electric eel shoots out a bolt of lightning at you!
The bolt of electricity hits you!
* * * LOW HITPOINT WARNING * * *
You puncture the electric eel!
The electric eel is severely wounded.
The electric eel shoots out a bolt of lightning at you!
The bolt of electricity hits you!
You die...

≈ ≈≈≈≈ * * ≈≈##≈ ,
#######≈#######≈# *
.......≈≈#.(.#≈≈# **
....###≈≈#...#≈≈. ,
....###≈≈#)).#≈≈#* **
.......≈###)###≈. ,
.......≈##≈.≈##≈#####.#.
*
....###≈≈≈≈.≈≈≈;@.......
....###..........####.#.
* , '#####...........# *
*, * .#######.........#
*, , ....# #.........# *
* ###.# #.........# *
###.# #.........# ,
<.#.####.........###*,*,
*
.....>#####........#*,*
,


You could see an electric eel.

Vanquished Creatures
  Grinder (D:4)
  An orc warrior (D:6)
  A sky beast (D:5)
  An ice beast (D:5)
  3 ogres
  A big kobold (D:4)
  2 bullfrogs (D:6)
  2 scorpions
  A crimson imp (D:6)
  A howler monkey (D:4)
  A hound (D:4)
  A jelly (D:6)
  5 orc wizards (D:6)
  A quasit (D:6)
  2 bullfrog skeletons
  2 centaur skeletons
  Ijyb (D:4)
  An iguana (D:4)
  4 worker ants
  3 gnolls (D:5)
  8 adders
  An ooze (D:3)
  3 worms
  A dart slug (D:2)
  10 leopard geckos
  12 orcs
  2 ball pythons (D:2)
  9 bats
  2 giant cockroaches
  6 goblins
  8 hobgoblins
  6 kobolds
  4 quokkas
  4 frilled lizards
  8 rats
119 creatures vanquished.

Notes
Turn   | Place    | Note
-------+----------+-------------------------------------------
     0 | D:1      | night the Deep Dwarf Fighter began the quest for the Orb.
     0 | D:1      | Reached XP level 1. HP: 20/20 MP: 1/1
    26 | D:1      | Reached skill level 2 in Polearms
    71 | D:1      | Reached XP level 2. HP: 25/27 MP: 2/2
   651 | D:2      | Reached XP level 3. HP: 27/33 MP: 3/3
   773 | D:2      | Reached skill level 3 in Polearms
  1227 | D:3      | Reached XP level 4. HP: 33/40 MP: 4/4
  1434 | D:3      | Reached skill level 4 in Polearms
  1434 | D:3      | Reached XP level 5. HP: 27/46 MP: 5/5
  1944 | D:4      | Noticed Ijyb
  1988 | D:4      | Killed Ijyb
  2170 | D:4      | Reached skill level 5 in Shields
  2227 | D:4      | Reached XP level 6. HP: 19/55 MP: 6/6
  2253 | D:4      | Reached skill level 5 in Polearms
  2402 | D:4      | Noticed Grinder
  2418 | D:4      | Paralysed by Grinder for 5 turns
  2438 | D:4      | Paralysed by Grinder for 7 turns
  2447 | D:4      | Killed Grinder
  2447 | D:4      | Reached XP level 7. HP: 36/61 MP: 7/7
  2505 | D:4      | Reached skill level 6 in Polearms
  3054 | D:5      | Entered Level 5 of the Dungeon
  3773 | D:5      | Found Obicsoyf's Assorted Antiques.
  3840 | D:5      | Reached skill level 7 in Polearms
  3858 | D:5      | Reached XP level 8. HP: 23/68 MP: 6/6
  4123 | D:6      | Found a staircase to the Ecumenical Temple.
  4132 | Temple   | Entered the Ecumenical Temple
  4227 | Temple   | Became a worshipper of Makhleb the Destroyer
  4382 | D:6      | Reached skill level 1 in Invocations
  4452 | D:6      | Found Ublitsol's Armour Shop.
  4621 | D:6      | Reached skill level 8 in Polearms
  5213 | D:6      | HP: 2/68 [electric eel/bolt of electricity (11)]
  5214 | D:6      | Killed from afar by an electric eel

Skill      XL: |  1  2  3  4  5  6  7  8 |
---------------+-------------------------+-----
Polearms       | 2 3 4 5 7 8 |  8.8
Shields        | 4 5 6 |  6.9
Invocations    | 4 |  4.2
Fighting       | |  2.6
Armour         | |  3.2

Action                   |  1- 3 |  4- 6 |  7- 9 || total
-------------------------+-------+-------+-------++-------
Melee: Trident           |   145 |   158 |   259 ||   562
       Dagger            |       |     4 |       ||     4
 Abil: Heal Wounds       |       |     2 |     3 ||     5
Evoke: Wand              |       |     6 |    14 ||    20
  Use: Scroll            |       |       |     7 ||     7
  Eat: Chunk             |     1 |     4 |    10 ||    15
Armor: Scale mail        |    49 |    50 |    64 ||   163
Dodge: Dodged            |    28 |    20 |    29 ||    77
Block: Shield            |    80 |    20 |       ||   100
       Large shield      |       |    66 |   157 ||   223
